 Dungeon Crawl Stone Soup version 0.20-b1-18-gaa2fd62 (webtiles) character file.

369 FakerFangirl the Cudgeler (level 6, -1/52 HPs)
             Began as a Draconian Fighter on May 25, 2017.
             Slain by Menkaure (6 damage)
             ... on level 4 of the Dungeon.
             The game lasted 00:03:45 (3321 turns).

FakerFangirl the Cudgeler (Draconian Fighter)       Turns: 3321, Time: 00:03:45

Health: -1/52      AC:  6    Str: 18    XL:     6   Next: 41%
Magic:  6/6        EV: 10    Int:  9    God:
Gold:   163        SH:  9    Dex: 12    Spells: 5/5 levels left

rFire    . . .     SeeInvis .   Y - +0 flail
rCold    . . .     Gourm    .   b - +0 shield
rNeg     . . .     Faith    .   (armour unavailable)
rPois    .         Spirit   .   (helmet restricted)
rElec    .         Reflect  .   (no cloak)
rCorr    .         Harm     .   (no gloves)
MR       .....                  (no boots)
Stlth    +.........             (no amulet)
Regen    0.2/turn               (no ring)
MPRegen  0.1/turn               (no ring)

@: no status effects
A: unfitting armour, cold-blooded, AC +6
a: no special abilities


You were on level 4 of the Dungeon.
You were not hungry.

You visited 1 branch of the dungeon, and saw 4 of its levels.

You collected 163 gold pieces.


Innate Abilities, Weirdness & Mutations

Your plain brown scales are hard. (AC +6)
You cannot fit into any form of body armour.
You are cold-blooded and may be slowed by cold attacks.


   Skills:
 - Level 4.1 Fighting
 + Level 6.5 Maces & Flails
 - Level 2.6 Dodging
 - Level 3.0 Shields


You had 5 spell levels left.
You didn't know any spells.

Inventory:

Hand Weapons
 Y - a +0 flail (weapon)
Missiles
 p - 5 tomahawks (quivered)
Armour
 b - a +0 shield (worn)
Wands
 q - a wand of iceblast (6/15)
Scrolls
 f - 2 scrolls of identify
 g - 2 scrolls of remove curse
 r - a scroll of recharging
Potions
 a - a potion of agility {unknown}
 c - 2 potions of might
 k - a potion of heal wounds {unknown}
 l - a potion of curing
 m - a potion of mutation {unknown}
 n - a potion of haste
 o - a potion of resistance {unknown}
Comestibles
 d - 2 bread rations
 e - 7 fruits
 h - 3 meat rations
 j - a royal jelly

Dungeon Overview and Level Annotations

Branches:
Dungeon (4/15)
 Temple: D:4-7

Altars:
Dithmenos
Gozag
Qazlal

Annotations:
D:3 1 runed door
D:4 Menkaure


Message History

p - 5 tomahawks (gained 2) Menkaure, Prince of Dust comes into view.
Menkaure is too close now for your liking.
Menkaure shouts!
Menkaure is too close now for your liking.
Menkaure casts a spell.
Menkaure seems to speed up.
Menkaure calls on the powers of darkness!
Your body is wracked with pain!
Menkaure hits you!
You closely miss Menkaure. You tail-slap Menkaure.
Menkaure is lightly damaged.
Menkaure barely misses you. Menkaure hits you!
You sock Menkaure!
Menkaure is heavily damaged.
Menkaure hits you but does no damage.
You hit Menkaure but do no damage.
Menkaure is heavily damaged.
Menkaure hits you.
You die...

## ## #. ##.# ##.
....# ##.######
.....###.......###
..................
#....M..........
#..@......#
#...(....##
#...(....###
#..##.(....## #...
###.....#### .
.....
###......###..
......
###.........
...... ###.......
##...###..


You could see Menkaure.

Vanquished Creatures
  The ghost of FakerFangirl the Cudgeler, an amateur DrFi (D:3)
  An ogre (D:4)
  A crimson imp (D:3)
  3 gnolls (D:2)
  4 adders
  An ooze (D:3)
  6 worms
  A dart slug (D:2)
  2 leopard geckos
  An orc (D:4)
  11 bats
  6 giant cockroaches
  4 goblins
  10 hobgoblins
  6 jackals
  7 kobolds
  2 quokkas (D:2)
  4 frilled lizards
  11 rats
82 creatures vanquished.

Notes
Turn   | Place    | Note
-------+----------+-------------------------------------------
     0 | D:1      | FakerFangirl the Draconian Fighter began the quest for the Orb.
     0 | D:1      | Reached XP level 1. HP: 19/19 MP: 1/1
     0 | D:1      | 0 ||| counter = 6
    20 | D:1      | Reached XP level 2. HP: 21/26 MP: 2/2
    25 | D:1      | 25 ||| Stepping ~*~*~tactically~*~*~ (outnumbered).
    32 | D:1      | Reached skill level 3 in Maces & Flails
   239 | D:1      | 239 ||| Stepping ~*~*~tactically~*~*~ (outnumbered).
   240 | D:1      | 240 ||| Stepping ~*~*~tactically~*~*~ (outnumbered).
   301 | D:1      | Reached XP level 3. HP: 31/31 MP: 3/3
   547 | D:1      | 547 ||| READING scroll labeled PEOSHR INENYEDDI.
   548 | D:1      | 548 ||| READING scroll labeled GEDAHOMOLU.
   549 | D:1      | 549 ||| READING scroll labeled JOEQAIKACW.
   749 | D:2      | 749 ||| Stepping ~*~*~tactically~*~*~ (outnumbered).
   751 | D:2      | 751 ||| Stepping ~*~*~tactically~*~*~ (outnumbered).
   752 | D:2      | 752 ||| Stepping ~*~*~tactically~*~*~ (outnumbered).
   755 | D:2      | Reached skill level 4 in Maces & Flails
   836 | D:2      | HP: 7/31 [poisoned by an adder]
   992 | D:2      | Reached XP level 4. HP: 26/38 MP: 4/4
  1145 | D:2      | Found a shadowy altar of Dithmenos.
  1156 | D:2      | 1156 ||| EATING 2 fruits.
  1216 | D:2      | Found a stormy altar of Qazlal.
  1746 | D:2      | 1746 ||| READING scroll labeled LIUQEUCLASUR.
  1747 | D:2      | 1747 ||| READING scroll labeled SAUNGU VUWNITH.
  1748 | D:2      | 1748 ||| READING scroll labeled WORAIGO YNIDE.
  1824 | D:3      | Reached skill level 5 in Maces & Flails
  1911 | D:3      | 1911 ||| STAIRDANCE
  1918 | D:2      | 1918 ||| DRINKING 2 viscous ruby potions.
  2201 | D:3      | Noticed FakerFangirl's ghost (amateur DrFi)
  2216 | D:3      | HP: 9/38 [FakerFangirl's ghost (9)]
  2218 | D:3      | Killed FakerFangirl's ghost
  2218 | D:3      | Reached skill level 6 in Maces & Flails
  2218 | D:3      | Reached XP level 5. HP: 8/45 MP: 5/5
  2614 | D:3      | Reached XP level 6. HP: 52/52 MP: 6/6
  2928 | D:3      | Found a runed door.
  2932 | D:3      | 2932 ||| READING scroll labeled ONINTO OPOINU.
  2961 | D:3      | 2961 ||| DRINKING 2 bubbling blue potions.
  3057 | D:4      | Found an opulent altar of Gozag.
  3310 | D:4      | Noticed Menkaure
  3318 | D:4      | HP: 13/52 [Menkaure (14)]
  3319 | D:4      | HP: 4/52 [Menkaure (9)]
  3321 | D:4      | Slain by Menkaure

Vault maps used:
D:1:      scummos_arrival_forest, wad_floor_pattern_untrapped,
          minmay_stone_trees_small, minmay_misc_feat_four_crosses
D:2:      grunt_dithmenos_smoke_and_mirrors, grunt_qazlal_clouds
D:3:      first_bread, serial_co_window_serial, co_window_corner_a,
          co_window_paths_b, co_window_paths_a, co_window_cross_1,
          co_window_corner_a, co_window_cross_1, co_window_paths_a,
          co_window_of_opportunity_c, co_window_unsneaky_path_a,
          co_window_of_opportunity_b, co_window_2corner, co_window_broadway_c,
          glass_columns_a, glass_columns_c, glass_columns_c, glass_columns_b,
          uniq_crazy_yiuf_cottage
D:4:      yredelemnul_altar_generic, nicolae_overflow_crystal_walls,
          old_standard_altar, old_standard_altar, kennysheep_mini,
          gup_sewer_entry_spiral, eino_tiny_chamber, cheibriados_altar_1,
          uniq_menkaure

Skill      XL: |  1  2  3  4  5 |
---------------+----------------+-----
Maces & Flails | 3 4 6 |  6.5
Fighting       | 4 |  4.1
Dodging        | |  2.6
Shields        | |  3.0

Action                   |  1- 3 |  4- 6 || total
-------------------------+-------+-------++-------
Melee: Flail             |   110 |   127 ||   237
       Tailslap          |     9 |    23 ||    32
Throw: Tomahawk          |       |    41 ||    41
  Use: Scroll            |     3 |     4 ||     7
       Potion            |       |     2 ||     2
  Eat: Chunk             |       |     7 ||     7
       Fruit             |       |     1 ||     1
Armor: Skin              |    33 |    23 ||    56
Dodge: Dodged            |    29 |    27 ||    56
Block: Shield            |    39 |    51 ||    90
